BSA
NEW YORK KNIGHTS @ IRVINE GANG GREEN
06/26/2029
 
TOP OF THE 1ST
New York Knights batting - Pitching for Irvine Gang Green : RHP Mike Marrero
Pitching: RHP Mike Marrero
Batting: LHB Mike Harris 0-0: Ball
1-0: Ground out 4-3 (Groundball, 4M)
Batting: RHB Pepe Carrasco 0-0: Called Strike
0-1: Ball
1-1: Ground out U3 (Groundball, 34)
Batting: RHB Lonnie Anderson 0-0: Foul Ball, location: 2F
0-1: Foul Ball, location: 2F
0-2: Ground out 5-3 (Groundball, 2L)
Top of the 1st over - 0 runs, 0 hits, 0 errors, 0 left on base; New York 0 - Irvine 0
BOTTOM OF THE 1ST
Irvine Gang Green batting - Pitching for New York Knights : LHP Phil Davis
Pitching: LHP Phil Davis
Batting: SHB Carlos Córdova 0-0: Ball
1-0: Swinging Strike
1-1: Called Strike
1-2: Fly out, F8 (Flyball, 8LM)
Batting: RHB Ronnie Brown 0-0: Ground out U3 (Groundball, 3)
Batting: RHB Eduardo García 0-0: Ball
1-0: Ground out 6-3 (Groundball, 56)
Bottom of the 1st over - 0 runs, 0 hits, 0 errors, 0 left on base; New York 0 - Irvine 0
TOP OF THE 2ND
New York Knights batting - Pitching for Irvine Gang Green : RHP Mike Marrero
Batting: LHB Warren Potter 0-0: Ball
1-0: Ball
2-0: Called Strike
2-1: DOUBLE (Line Drive, 9LM)
Batting: LHB Dan Hamilton 0-0: Ball
1-0: Ball
2-0: Ball
3-0: Base on Balls
Batting: RHB Felipe Rodríguez 0-0: Called Strike
0-1: Foul Ball, location: 2F
0-2: Reached on error, E1 (Groundball, P)
Warren Potter to third
Dan Hamilton to second
Batting: RHB Jacob Pope 0-0: Ball
1-0: Called Strike
1-1: Called Strike
1-2: SINGLE (Line Drive, 78S)
Warren Potter scores
Dan Hamilton to third
Felipe Rodríguez to second
Runner from 3rd tries for Home, SAFE, no throw
Batting: RHB Steve Sampson 0-0: Called Strike
0-1: Swinging Strike
0-2: Strikes out looking
Batting: LHB Jerry Johnston 0-0: Ball
1-0: Ball
2-0: Foul Ball, location: 2F
2-1: Called Strike
2-2: Foul Ball, location: 2F
2-2: Strikes out swinging
Batting: LHB Mike Harris 0-0: Foul Ball, location: 2F
0-1: DOUBLE (Groundball, 3L)
Felipe Rodríguez scores
Jacob Pope to third
Batting: RHB Pepe Carrasco 0-0: Called Strike
0-1: Called Strike
0-2: Ground out 6-3 (Groundball, 56D)
Top of the 2nd over - 3 runs, 3 hits, 1 error, 2 left on base; New York 3 - Irvine 0
BOTTOM OF THE 2ND
Irvine Gang Green batting - Pitching for New York Knights : LHP Phil Davis
Batting: LHB Víctor Quiñones 0-0: Ball
1-0: Fly out, F4 (Popup, 4)
Batting: RHB Tyler Wagner 0-0: Fly out, F9 (Line Drive, 9)
Batting: RHB José Salazar 0-0: Called Strike
0-1: Foul Ball, location: 2F
0-2: Foul Ball, location: 2F
0-2: Ball
1-2: Ball
2-2: Foul Ball, location: 2F
2-2: Ball
3-2: Fly out, F9 (Flyball, 9S)
Bottom of the 2nd over - 0 runs, 0 hits, 0 errors, 0 left on base; New York 3 - Irvine 0
TOP OF THE 3RD
New York Knights batting - Pitching for Irvine Gang Green : RHP Mike Marrero
Batting: RHB Lonnie Anderson 0-0: Foul Ball, location: 2F
0-1: Called Strike
0-2: Ground out 4-3 (Groundball, 4)
Batting: LHB Warren Potter 0-0: Ball
1-0: Ball
2-0: Called Strike
2-1: Ball
3-1: Called Strike
3-2: Foul Ball, location: 2F
3-2: Foul Ball, location: 2F
3-2: Base on Balls
Batting: LHB Dan Hamilton 0-0: Called Strike
0-1: Ball
1-1: Fly out, F3 (Popup, 3S)
Batting: RHB Felipe Rodríguez 0-0: Ball
1-0: Called Strike
1-1: Called Strike
1-2: Ball
2-2: Foul Ball, location: 2F
2-2: Foul Ball, location: 2F
2-2: Foul Ball, location: 2F
2-2: Ball
3-2: Base on Balls
Warren Potter to second
Batting: RHB Jacob Pope 0-0: Called Strike
0-1: Ball
1-1: Ball
2-1: Ground out U3 (Groundball, 3)
Top of the 3rd over - 0 runs, 0 hits, 0 errors, 2 left on base; New York 3 - Irvine 0
BOTTOM OF THE 3RD
Irvine Gang Green batting - Pitching for New York Knights : LHP Phil Davis
Batting: LHB Leonardo Medina 0-0: Ball
1-0: Foul Ball, location: 2F
1-1: Ground out 4-3 (Groundball, 4M)
Batting: LHB Tom Baker 0-0: Swinging Strike
0-1: Called Strike
0-2: Ball
1-2: Foul Ball, location: 2F
1-2: Foul Ball, location: 2F
1-2: Ball
2-2: Strikes out looking
Batting: LHB Dave Gordon 0-0: Called Strike
0-1: Ball
1-1: Foul Ball, location: 2F
1-2: Ball
2-2: Reached on error, E6 (Groundball, 6)
Batting: SHB Carlos Córdova 0-0: Ground out 6-3 (Groundball, 6S)
Bottom of the 3rd over - 0 runs, 0 hits, 1 error, 1 left on base; New York 3 - Irvine 0
TOP OF THE 4TH
New York Knights batting - Pitching for Irvine Gang Green : RHP Mike Marrero
Batting: RHB Steve Sampson 0-0: Called Strike
0-1: Foul Ball, location: 2F
0-2: Strikes out swinging
Batting: LHB Jerry Johnston 0-0: Ball
1-0: Ball
2-0: Ground out 4-3 (Groundball, 4)
Batting: LHB Mike Harris 0-0: Ball
1-0: Ground out 5-3 (Groundball, 56)
Top of the 4th over - 0 runs, 0 hits, 0 errors, 0 left on base; New York 3 - Irvine 0
BOTTOM OF THE 4TH
Irvine Gang Green batting - Pitching for New York Knights : LHP Phil Davis
Batting: RHB Ronnie Brown 0-0: Ball
1-0: Foul Ball, location: 2F
1-1: Swinging Strike
1-2: Ball
2-2: Strikes out looking
Batting: RHB Eduardo García 0-0: Ball
1-0: Ball
2-0: Fly out, F8 (Flyball, 8RS)
Batting: LHB Víctor Quiñones 0-0: Called Strike
0-1: Ball
1-1: Foul Ball, location: 2F
1-2: Strikes out swinging
Bottom of the 4th over - 0 runs, 0 hits, 0 errors, 0 left on base; New York 3 - Irvine 0
TOP OF THE 5TH
New York Knights batting - Pitching for Irvine Gang Green : RHP Mike Marrero
Batting: RHB Pepe Carrasco 0-0: Called Strike
0-1: Swinging Strike
0-2: Foul Ball, location: 2F
0-2: Foul Ball, location: 2F
0-2: Ball
1-2: Fly out, F7 (Flyball, 7)
Batting: RHB Lonnie Anderson 0-0: Foul Ball, location: 2F
0-1: Ball
1-1: Foul Ball, location: 2F
1-2: Foul Ball, location: 2F
1-2: Strikes out looking
Batting: LHB Warren Potter 0-0: Called Strike
0-1: Ground out 4-3 (Groundball, 34D)
Top of the 5th over - 0 runs, 0 hits, 0 errors, 0 left on base; New York 3 - Irvine 0
BOTTOM OF THE 5TH
Irvine Gang Green batting - Pitching for New York Knights : LHP Phil Davis
Batting: RHB Tyler Wagner 0-0: Ball
1-0: Ball
2-0: Called Strike
2-1: Foul Ball, location: 2F
2-2: Ground out 6-3 (Groundball, 6)
Batting: RHB José Salazar 0-0: Called Strike
0-1: Swinging Strike
0-2: Ball
1-2: Ball
2-2: Fly out, F9 (Flyball, 9S)
Batting: LHB Leonardo Medina 0-0: Fly out, F1 (Line Drive, 13)
Bottom of the 5th over - 0 runs, 0 hits, 0 errors, 0 left on base; New York 3 - Irvine 0
TOP OF THE 6TH
New York Knights batting - Pitching for Irvine Gang Green : RHP Mike Marrero
Batting: LHB Dan Hamilton 0-0: Ball
1-0: Swinging Strike
1-1: Swinging Strike
1-2: Strikes out swinging
Batting: RHB Felipe Rodríguez 0-0: Called Strike
0-1: Ball
1-1: Ground out 5-3 (Groundball, 56S)
Batting: RHB Jacob Pope 0-0: Ball
1-0: Foul Ball, location: 2F
1-1: Ground out 6-3 (Groundball, 6)
Top of the 6th over - 0 runs, 0 hits, 0 errors, 0 left on base; New York 3 - Irvine 0
BOTTOM OF THE 6TH
Irvine Gang Green batting - Pitching for New York Knights : LHP Phil Davis
Batting: LHB Tom Baker 0-0: Ball
1-0: Ball
2-0: Ball
3-0: Called Strike
3-1: Foul Ball, location: 2F
3-2: Ground out 4-3 (Groundball, 4)
Batting: LHB Dave Gordon 0-0: Ball
1-0: Fly out, F9 (Flyball, 9S)
Batting: SHB Carlos Córdova 0-0: Foul Ball, location: 2F
0-1: SINGLE (Line Drive, 56D)
Batting: RHB Ronnie Brown 0-0: Ball
1-0: Called Strike
1-1: Ball
2-1: Foul Ball, location: 2F
2-2: Ball
3-2: Fly out, F8 (Flyball, 8RD)
Bottom of the 6th over - 0 runs, 1 hit, 0 errors, 1 left on base; New York 3 - Irvine 0
TOP OF THE 7TH
New York Knights batting - Pitching for Irvine Gang Green : RHP Mike Marrero
Batting: RHB Steve Sampson 0-0: Ball
1-0: Fly out, F9 (Flyball, 9D)
Batting: LHB Jerry Johnston 0-0: Foul Ball, location: 2F
0-1: Ball
1-1: Foul Ball, location: 2F
1-2: Ball
2-2: Ball
3-2: Base on Balls
Pitching: RHP Jun Kawashima
Batting: LHB Mike Harris 0-0: Ball
Pickoff Throw to First - Out!
1-0: Foul Ball, location: 2F
1-1: Called Strike
1-2: Strikes out swinging
Top of the 7th over - 0 runs, 0 hits, 0 errors, 0 left on base; New York 3 - Irvine 0
BOTTOM OF THE 7TH
Irvine Gang Green batting - Pitching for New York Knights : LHP Phil Davis
Batting: RHB Eduardo García 0-0: Fly out, F2 (Popup, 25F)
Batting: LHB Víctor Quiñones 0-0: Called Strike
0-1: Ball
1-1: Foul Ball, location: 2F
1-2: Foul Ball, location: 2F
1-2: Foul Ball, location: 2F
1-2: Fly out, F9 (Line Drive, 9D)
Batting: RHB Tyler Wagner 0-0: Ball
1-0: Foul Ball, location: 2F
1-1: Ball
2-1: SINGLE (Groundball, 56S) (infield hit)
Batting: RHB José Salazar 0-0: Called Strike
0-1: Ball
1-1: Called Strike
Tyler Wagner steals 2nd base
1-2: Ball
2-2: Ball
3-2: Fly out, F8 (Flyball, 8RM)
Bottom of the 7th over - 0 runs, 1 hit, 0 errors, 1 left on base; New York 3 - Irvine 0
TOP OF THE 8TH
New York Knights batting - Pitching for Irvine Gang Green : RHP Jun Kawashima
Pitching: RHP Raúl Saltines
Batting: RHB Pepe Carrasco 0-0: SINGLE (Flyball, 78M)
Batting: RHB Lonnie Anderson 0-0: Ball
1-0: Called Strike
1-1: Called Strike
1-2: Ball
2-2: Foul Ball, location: 2F
2-2: Strikes out swinging
Batting: LHB Warren Potter 0-0: Ball
1-0: Ball
2-0: Ball
3-0: Called Strike
3-1: Foul Ball, location: 2F
3-2: Strikes out swinging
Batting: LHB Dan Hamilton 0-0: Ball
1-0: Called Strike
1-1: Ball
2-1: Called Strike
Pepe Carrasco steals 2nd base
2-2: Ball
3-2: Base on Balls
Batting: RHB Felipe Rodríguez 0-0: Called Strike
0-1: Ground out 4-3 (Groundball, 4)
Top of the 8th over - 0 runs, 1 hit, 0 errors, 2 left on base; New York 3 - Irvine 0
BOTTOM OF THE 8TH
Irvine Gang Green batting - Pitching for New York Knights : LHP Phil Davis
Now at 3B: Héctor Vázquez
Batting: LHB Leonardo Medina 0-0: Fly out, F7 (Flyball, 7LS)
Batting: LHB Tom Baker 0-0: Ball
1-0: Ball
2-0: Called Strike
2-1: Ball
3-1: Ground out U3 (Groundball, 34S)
Batting: LHB Dave Gordon 0-0: Foul Ball, location: 2F
0-1: Foul Ball, location: 2F
0-2: Ball
1-2: Fly out, F9 (Line Drive, 9D)
Bottom of the 8th over - 0 runs, 0 hits, 0 errors, 0 left on base; New York 3 - Irvine 0
TOP OF THE 9TH
New York Knights batting - Pitching for Irvine Gang Green : RHP Raúl Saltines
Batting: RHB Jacob Pope 0-0: Foul Ball, location: 2F
0-1: Ball
1-1: Swinging Strike
1-2: Ball
2-2: Strikes out swinging
Batting: RHB Steve Sampson 0-0: Ball
1-0: Foul Ball, location: 2F
1-1: Foul Ball, location: 2F
1-2: Foul Ball, location: 2F
1-2: Strikes out swinging
Batting: LHB Jerry Johnston 0-0: Ball
1-0: Foul Ball, location: 2F
1-1: Foul Ball, location: 2F
1-2: Ball
2-2: Strikes out looking
Top of the 9th over - 0 runs, 0 hits, 0 errors, 0 left on base; New York 3 - Irvine 0
BOTTOM OF THE 9TH
Irvine Gang Green batting - Pitching for New York Knights : LHP Phil Davis
Pitching: RHP Paco Ruíz
Batting: SHB Carlos Córdova 0-0: Ball
1-0: Ball
2-0: Ball
3-0: Called Strike
3-1: SINGLE (Groundball, 15) (infield hit)
Batting: RHB Ronnie Brown 0-0: Ball
1-0: Ball
2-0: Ball
3-0: Called Strike
3-1: Fly out, F9 (Flyball, 8RS)
Batting: RHB Eduardo García 0-0: Fly out, F1 (Line Drive, 13)
Batting: LHB Víctor Quiñones 0-0: Ball
1-0: Swinging Strike
1-1: Ball
2-1: Ball
3-1: Foul Ball, location: 2F
3-2: Strikes out swinging
Bottom of the 9th over - 0 runs, 1 hit, 0 errors, 1 left on base; New York 3 - Irvine 0
Saturday, December 16th, 2017 - OOTP Baseball 18.8 Build 76